 Dungeon Crawl Stone Soup version 0.31-a0-198-g2ad674f65e (webtiles) character file.

Game seed: 1724936511314524831

13997 qw the Markself (level 11, -5/67 HPs)
             Began as a Deep Elf Hunter on June 25, 2023.
             Was an Elder of Okawaru.
             Slain by a black mamba (8 damage)
             ... on level 2 of the Lair of Beasts.
             The game lasted 00:05:36 (10544 turns).

qw the Markself (Deep Elf Hunter)                  Turns: 10544, Time: 00:05:36

Health: -5/67      AC: 17    Str: 16    XL:     11   Next: 82%
Magic:  18/18      EV: 22    Int: 15    God:    Okawaru [****..]
Gold:   210        SH:  5    Dex: 22    Spells: 10/10 levels left

rFire   + . .        h - +0 orcbow
rCold   . . .        (shield currently unavailable)
rNeg    + . .        o - +1 swamp dragon scales
rPois   +            i - +2 helmet
rElec   .            (no cloak)
rCorr   .            u - +0 pair of gloves
SInv    .            a - +0 pair of boots
Will    +....        r - amulet "Siyhorchu" {Reflect rN+ SH+5}
Stlth   ++++         f - ring of protection from fire
HPRegen 0.31/turn    d - +6 ring of strength
MPRegen 0.16/turn

%: reflection, clarity
@: heroic
A: hooves 1, thin skeletal structure 1, clarity, subdued magic 1
a: Renounce Religion, Heroism, Finesse


You were on level 2 of the Lair of Beasts.
You worshipped Okawaru.
Okawaru was greatly pleased with you.
You visited 2 branches of the dungeon, and saw 12 of its levels.
You also visited: Ossuary.

You collected 1005 gold pieces.
You spent 795 gold pieces at shops.


Innate Abilities, Weirdness & Mutations

You have large cloven feet.
You have a somewhat thin skeletal structure. (Dex +2, Stealth+)
You possess an exceptional clarity of mind.
Your spells are a little easier to cast, but a little less powerful.


   Skills:
 + Level 7.4(12.4) Fighting
 - Level 16.0(21.0) Ranged Weapons
 - Level 5.0(10.0) Armour
 - Level 11.1(16.1) Dodging
 - Level 1.2(6.2) Stealth
 + Level 6.8 Invocations


You had 10 spell levels left.
You didn't know any spells.
Your spell library was empty.

Inventory:

Hand Weapons
 h - a +0 orcbow (weapon)
 k - the +5 longbow "Mojufive" {freeze, Fragile Fly Dex+2}
   (You acquired it on level 9 of the Dungeon)

   Dex:       It affects your dexterity (+2).
   Fly:       It grants you flight.
   Fragile:   It will be destroyed if unequipped.
Armour
 a - a +0 pair of boots (worn)
 b - the +0 hat of the Armoured One {rPois rF+}
   (You acquired it on level 6 of the Dungeon)

   rF:        It protects you from fire.
   rPois:     It protects you from poison.
 i - a +2 helmet (worn)
 o - +1 swamp dragon scales (worn)
 u - a +0 pair of gloves (worn)
Jewellery
 d - a +6 ring of strength (right hand)
 f - a ring of protection from fire (left hand)
 g - a ring of fire
 q - a ring of positive energy
 r - the amulet "Siyhorchu" (around neck) {Reflect rN+ SH+5}
   (You bought it in a shop on level 9 of the Dungeon)

   [amulet of reflection]

   It reflects blocked missile attacks.
   rN:        It protects you from negative energy.
   SH:        It affects your SH (+5).
 t - a ring of poison resistance
 Y - a ring of resist corrosion
Scrolls
 j - a scroll of identify
 n - a scroll of silence {unknown}
Potions
 c - 5 potions of curing
 e - a potion of mutation
 l - 3 potions of enlightenment
 m - 2 potions of resistance
 p - 4 potions of might
 s - a potion of haste

Dungeon Overview and Level Annotations

Branches:
Dungeon (10/15)            Temple (0/1) D:6            Lair (2/5) D:10
Ossuary (visited)
  Swamp: Lair:2-3    Shoals: Lair:2-3     Snake: Lair:2-3    Spider: Lair:2-3
    Orc: D:9-12

Altars:
Cheibriados
Gozag
Kikubaaqudgha
Makhleb
Nemelex Xobeh
Okawaru
Qazlal
Ru
Sif Muna
Uskayaw
Vehumet
Yredelemnul
Zin
The Shining One

Shops:
D:2 :   D:9 =   D:10 *


Message History

The black mamba hisses angrily.
The arrow hits the black mamba.
The black mamba is moderately wounded.
A water moccasin comes into view.
The black mamba bites you. You block the black mamba's attack.
You shoot an arrow.
The arrow hits the black mamba but does no damage.
The black mamba is moderately wounded.
The black mamba bites you! The black mamba misses you. x2
You shoot an arrow.
The arrow hits the black mamba but does no damage.
The black mamba is moderately wounded.
The black mamba bites you! The black mamba misses you.
The black mamba bites you but does no damage.
You shoot an arrow. The arrow hits the black mamba.
The black mamba is moderately wounded.
The black mamba bites you but does no damage.
The black mamba completely misses you.
You shoot an arrow. The arrow hits the black mamba!
The black mamba is heavily wounded.
The black mamba bites you. The black mamba barely misses you.
The black mamba closely misses you.
You shoot an arrow. The arrow hits the black mamba!!
The black mamba is severely wounded.
You block the black mamba's attack. The black mamba misses you.
The black mamba bites you but does no damage.
The black mamba closely misses you.
You shoot an arrow. The arrow hits the black mamba!!
The black mamba is almost dead.
The black mamba closely misses you. You block the black mamba's attack.
The black mamba closely misses you.
The water moccasin completely misses you.
The black mamba completely misses you. The black mamba bites you.
You shoot an arrow. The arrow hits the black mamba!
You kill the black mamba!
Okawaru is honoured by your kill. The black mamba misses you.
The black mamba completely misses you.
The water moccasin completely misses you.
The black mamba completely misses you. The black mamba bites you!
You die...

.........
#P...... ##......
#...... #.....
##.... ###
P..#..S.# ###.##
..$...S@####...(#
.....#SS%#......#
##. #.....ยค....#
#.......####
##...#### #
#.....#####.#
.###...........#
..P............#
.....#^...777777


You could see 3 black mambas and a water moccasin.

Vanquished Creatures
  A catoblepas (Lair:2)
  Amaemon (Lair:1)
  Nergalle (Lair:1)
  A black mamba (Lair:2)
  An orange demon (Lair:1)
  Maggie (D:7)
  6 cane toads
  4 komodo dragons
  2 hornets
  3 wyverns
  3 basilisks
  A wraith (D:8)
  6 yaks (D:9)
  Eustachio (D:5)
  3 steam dragons
  Menkaure (D:5)
  9 water moccasins
  Duvessa (D:5)
  An acid dragon (D:10)
  2 orc warriors
  2 ice beasts (D:7)
  A sky beast (D:6)
  A black bear (D:10)
  3 ogres
  3 centaurs
  7 wolves
  2 kobold brigands
  A phantom (D:6)
  9 bullfrogs
  8 scorpions
  7 wights
  Dowan (D:5)
  4 killer bees (D:9)
  5 howler monkeys
  A gnoll bouda (D:6)
  A jelly (D:4)
  6 orc priests
  3 hounds
  3 iguanas
  5 sleepcaps
  12 orc wizards
  8 mummies (Ossuary)
  10 gnolls
  4 adders
  3 shadow imps
  2 white imps
  5 worms
  3 dart slugs
  29 orcs
  9 ball pythons
  10 endoplasms
  2 giant cockroaches
  6 hobgoblins
  4 jackals (D:5)
  5 quokkas
  A bat (D:1)
  12 frilled lizards
  3 gnoll zombies (Ossuary)
  12 goblins
  10 kobolds
  4 kobold zombies (Ossuary)
  An orc zombie (Ossuary)
  5 rats
282 creatures vanquished.

Notes
Turn   | Place    | Note
-------+----------+-------------------------------------------
     0 | D:1      | qw the Deep Elf Hunter began the quest for the Orb.
     0 | D:1      | Reached XP level 1. HP: 12/12 MP: 3/3
     0 | D:1      | 0 ||| qw: Version: 0.3-a-22-g0ed2b0b
     0 | D:1      | 0 ||| qw: Game counter: 5238
     0 | D:1      | 0 ||| qw: Melee chars always use a shield: true
     0 | D:1      | 0 ||| qw: God list: Okawaru
     0 | D:1      | 0 ||| qw: Allow faded altars: false
     0 | D:1      | 0 ||| qw: Do Orc after clearing Dungeon:15 true
     0 | D:1      | 0 ||| qw: Do second Lair branch before Depths: true
     0 | D:1      | 0 ||| qw: Lair rune preference: random
     0 | D:1      | 0 ||| qw: Goals: Normal
     0 | D:1      | 0 ||| PLANNING D:1-11
    59 | D:1      | Found a faded altar of an unknown god.
   107 | D:1      | Reached skill level 6 in Ranged Weapons
   107 | D:1      | Reached XP level 2. HP: 16/16 MP: 4/4
   358 | D:1      | 358 ||| UPGRADING to +0 ring mail.
   368 | D:1      | 368 ||| DROPPING +0 leather armour.
   369 | D:1      | 369 ||| UPGRADING to +1 helmet.
   374 | D:1      | 374 ||| UPGRADING to +2 helmet.
   384 | D:1      | 384 ||| DROPPING +1 helmet.
   385 | D:1      | 385 ||| READING scroll labelled WAIRGH BAPUO.
   386 | D:1      | 386 ||| READING scroll labelled HIBBYZA LODWI.
   391 | D:1      | 391 ||| READING scroll labelled LIBUGE ACAIFROEZA.
   392 | D:1      | 392 ||| READING scroll labelled ZIDORR VY GUKK.
   393 | D:1      | 393 ||| READING scroll labelled UTTATW LEGAR.
   394 | D:1      | 394 ||| READING scroll labelled GUFYCUTUIP.
   395 | D:1      | 395 ||| DROPPING scroll of butterflies.
   632 | D:2      | Reached XP level 3. HP: 20/20 MP: 5/5
   825 | D:2      | Found Myaghueg's Book Shop.
   860 | D:2      | 860 ||| READING scroll of enchant weapon.
   860 | D:2      | 860 ||| ENCHANTING +1 shortbow.
   950 | D:2      | Reached skill level 7 in Ranged Weapons
  1108 | D:2      | 1108 ||| DRINKING 3 fizzy black potions.
  1109 | D:2      | 1109 ||| DROPPING 2 potions of brilliance.
  1164 | D:3      | Noticed a scorpion
  1170 | D:3      | Killed a scorpion
  1171 | D:3      | Reached skill level 8 in Ranged Weapons
  1171 | D:3      | Reached XP level 4. HP: 25/25 MP: 6/6
  1190 | D:3      | 1190 ||| DROPPING +0 sling of flaming.
  1238 | D:3      | 1238 ||| READING scroll of enchant weapon.
  1238 | D:3      | 1238 ||| ENCHANTING +2 shortbow.
  1591 | D:3      | Reached XP level 5. HP: 26/29 MP: 7/7
  1654 | D:3      | Found a sparkling altar of Nemelex Xobeh.
  1704 | D:3      | 1704 ||| READING scroll of enchant weapon.
  1704 | D:3      | 1704 ||| ENCHANTING +3 shortbow.
  1825 | D:3      | Found a radiant altar of Vehumet.
  1837 | D:3      | Found a shimmering blue altar of Sif Muna.
  1839 | D:3      | 1839 ||| UPGRADING to +6 ring of strength.
  1840 | D:3      | 1840 ||| DROPPING ring of magical power.
  1841 | D:3      | 1841 ||| READING scroll labelled YFAEZX QAIDDU.
  1842 | D:3      | 1842 ||| READING scroll labelled NOZXOERO UDDU.
  1843 | D:3      | 1843 ||| DRINKING 2 fizzy clear potions.
  1844 | D:3      | 1844 ||| DRINKING 2 fuming cyan potions.
  1844 | D:3      | Gained mutation: Your spells are a little easier to cast,
                  | but a little less powerful. [potion of mutation]
  1844 | D:3      | Gained mutation: You possess an exceptional clarity of
                  | mind. [potion of mutation]
  1844 | D:3      | Gained mutation: You have large cloven feet. [potion of
                  | mutation]
  1844 | D:3      | Gained mutation: You have a somewhat thin skeletal
                  | structure. (Dex +2, Stealth+) [potion of mutation]
  1845 | D:3      | 1845 ||| DRINKING 2 glowing cyan potions.
  1900 | D:3      | 1900 ||| READING 2 scrolls of identify.
  1900 | D:3      | 1900 ||| IDENTIFYING dark potion
  1901 | D:3      | 1901 ||| DROPPING potion of degeneration.
  1902 | D:3      | 1902 ||| DROPPING potion of lignification.
  1958 | D:4      | Found a snail-covered altar of Cheibriados.
  2029 | D:4      | Noticed an ogre
  2033 | D:4      | Killed an ogre
  2034 | D:4      | Reached skill level 9 in Ranged Weapons
  2047 | D:4      | Reached skill level 3 in Dodging
  2069 | D:4      | Reached XP level 6. HP: 35/35 MP: 8/8
  2182 | D:4      | Found a glowing golden altar of the Shining One.
  2192 | D:4      | 2192 ||| Stepping ~*~*~tactically~*~*~ (outnumbered).
  2194 | D:4      | 2194 ||| Stepping ~*~*~tactically~*~*~ (outnumbered).
  2198 | D:4      | 2198 ||| Stepping ~*~*~tactically~*~*~ (outnumbered).
  2305 | D:4      | Reached skill level 10 in Ranged Weapons
  2314 | D:4      | HP: 4/35 [worm (7)]
  2315 | D:4      | 2315 ||| READING 2 scrolls of teleportation.
  2462 | D:4      | 2462 ||| READING scroll of enchant weapon.
  2462 | D:4      | 2462 ||| ENCHANTING +4 shortbow.
  2518 | D:4      | Reached XP level 7. HP: 40/40 MP: 9/9
  2972 | D:4      | Found a burning altar of Makhleb.
  3016 | D:4      | Found an iron altar of Okawaru.
  3017 | D:4      | 3017 ||| PLANNING OKAWARU WORSHIP
  3018 | D:4      | 3018 ||| UPGRADING to +0 pair of boots.
  3023 | D:4      | 3023 ||| READING 2 scrolls of identify.
  3023 | D:4      | 3023 ||| IDENTIFYING yellow potion
  3026 | D:4      | Became a worshipper of Warmaster Okawaru
  3027 | D:4      | 3027 ||| PLANNING D:1-11
  3348 | D:5      | Entered Level 5 of the Dungeon
  3391 | D:5      | Reached skill level 1 in Armour
  3409 | D:5      | Found an opulent altar of Gozag.
  3623 | D:5      | Noticed Menkaure
  3629 | D:5      | Killed Menkaure
  3630 | D:5      | Reached skill level 11 in Ranged Weapons
  3671 | D:5      | Reached * piety under Okawaru
  3744 | D:5      | 3744 ||| SWAPPING to +0 orcbow.
  3747 | D:5      | 3747 ||| DROPPING +5 shortbow.
  3775 | D:5      | Reached XP level 8. HP: 44/44 MP: 10/10
  3840 | D:5      | Found a basalt altar of Yredelemnul.
  3854 | D:5      | Reached skill level 1 in Invocations
  3896 | D:5      | Noticed Duvessa
  3897 | D:5      | 3897 ||| INVOKING Heroism.
  3900 | D:5      | Noticed Dowan
  3905 | D:5      | Killed Duvessa
  3906 | D:5      | Reached skill level 12 in Ranged Weapons
  3908 | D:5      | Killed Dowan
  3932 | D:5      | Identified the +7 plate armour "Oseddoeff" {rN+ Will+
                  | Dex+3}
  3981 | D:5      | Noticed Eustachio
  3982 | D:5      | 3982 ||| INVOKING Heroism.
  3987 | D:5      | Killed Eustachio
  3988 | D:5      | Reached skill level 3 in Invocations
  4139 | D:5      | Reached skill level 3 in Fighting
  4218 | D:5      | 4218 ||| READING scroll labelled YTAAQI CALONK.
  4284 | D:6      | 4284 ||| INVOKING Heroism.
  4303 | D:6      | 4303 ||| STAIRDANCE
  4306 | D:5      | HP: 10/46 [sleepcap (6)]
  4307 | D:5      | 4307 ||| READING 2 scrolls of teleportation.
  4308 | D:5      | 4308 ||| DRINKING potion of heal wounds.
  4309 | D:5      | 4309 ||| INVOKING Heroism.
  4454 | D:6      | 4454 ||| STAIRDANCE
  4456 | D:5      | 4456 ||| INVOKING Heroism.
  4494 | D:5      | 4494 ||| FLEEEEING.
  4496 | D:5      | 4496 ||| FLEEEEING.
  4498 | D:5      | 4498 ||| FLEEEEING.
  4501 | D:5      | 4501 ||| FLEEEEING.
  4502 | D:5      | 4502 ||| FLEEEEING.
  4503 | D:5      | 4503 ||| FLEEEEING.
  4504 | D:5      | 4504 ||| FLEEEEING.
  4505 | D:5      | 4505 ||| FLEEEEING.
  4506 | D:5      | 4506 ||| FLEEEEING.
  4507 | D:5      | 4507 ||| FLEEEEING.
  4508 | D:5      | 4508 ||| FLEEEEING.
  4509 | D:5      | 4509 ||| FLEEEEING.
  4510 | D:5      | 4510 ||| FLEEEEING.
  4511 | D:5      | 4511 ||| FLEEEEING.
  4512 | D:5      | 4512 ||| FLEEEEING.
  4515 | D:5      | 4515 ||| FLEEEEING.
  4517 | D:5      | 4517 ||| FLEEEEING.
  4518 | D:5      | 4518 ||| FLEEEEING.
  4519 | D:5      | 4519 ||| FLEEEEING.
  4520 | D:5      | 4520 ||| FLEEEEING.
  4521 | D:5      | 4521 ||| FLEEEEING.
  4522 | D:5      | 4522 ||| FLEEEEING.
  4523 | D:5      | 4523 ||| FLEEEEING.
  4524 | D:5      | 4524 ||| FLEEEEING.
  4525 | D:5      | 4525 ||| FLEEEEING.
  4526 | D:5      | 4526 ||| FLEEEEING.
  4532 | D:5      | 4532 ||| FLEEEEING.
  4533 | D:5      | 4533 ||| FLEEEEING.
  4534 | D:5      | 4534 ||| FLEEEEING.
  4535 | D:5      | 4535 ||| FLEEEEING.
  4536 | D:5      | 4536 ||| FLEEEEING.
  4540 | D:5      | 4540 ||| STAIRDANCE
  4627 | D:6      | 4627 ||| INVOKING Heroism.
  4638 | D:6      | Reached skill level 13 in Ranged Weapons
  4701 | D:6      | Found a staircase to the Ecumenical Temple.
  4717 | D:6      | 4717 ||| INVOKING Heroism.
  4718 | D:6      | 4718 ||| Stepping ~*~*~tactically~*~*~ (outnumbered).
  4724 | D:6      | 4724 ||| Stepping ~*~*~tactically~*~*~ (outnumbered).
  4726 | D:6      | 4726 ||| Stepping ~*~*~tactically~*~*~ (outnumbered).
  4731 | D:6      | 4731 ||| Stepping ~*~*~tactically~*~*~ (outnumbered).
  4734 | D:6      | 4734 ||| INVOKING Heroism.
  4744 | D:6      | HP: 6/46 [orc warrior/+0 mace (11)]
  4745 | D:6      | 4745 ||| READING scroll of teleportation.
  4746 | D:6      | 4746 ||| DRINKING 2 potions of heal wounds.
  4768 | D:6      | 4768 ||| STAIRDANCE
  4808 | D:5      | 4808 ||| READING 2 scrolls of identify.
  4808 | D:5      | 4808 ||| IDENTIFYING smoky orange potion
  4809 | D:5      | 4809 ||| DROPPING potion of ambrosia.
  4816 | D:6      | 4816 ||| INVOKING Heroism.
  4833 | D:6      | Reached XP level 9. HP: 42/50 MP: 12/14
  4845 | D:6      | 4845 ||| STAIRDANCE
  4938 | D:6      | 4938 ||| FLEEEEING.
  4939 | D:6      | 4939 ||| STAIRDANCE
  4980 | D:6      | 4980 ||| INVOKING Heroism.
  4984 | D:6      | Reached skill level 14 in Ranged Weapons
  5001 | D:6      | 5001 ||| Stepping randomly (disturbance).
  5005 | D:6      | Reached skill level 6 in Dodging
  5074 | D:6      | Found a hide-covered altar of Uskayaw.
  5396 | D:6      | 5396 ||| DROPPING amulet of magic regeneration.
  5397 | D:6      | 5397 ||| UPGRADING to amulet of the acrobat.
  5402 | D:6      | 5402 ||| READING scroll labelled YMAFIZ ECWOT.
  5402 | D:6      | Identified a scroll of acquirement
  5402 | D:6      | 5402 ||| ACQUIRING +0 hat of the Armoured One {rPois rF+}
  5402 | D:6      | Acquired the +0 hat of the Armoured One {rPois rF+}
  5404 | D:6      | 5404 ||| UPGRADING to +0 hat of the Armoured One {rPois
                  | rF+}.
  5414 | D:6      | 5414 ||| READING scroll labelled GIUGUXU VAAKH.
  5415 | D:6      | 5415 ||| DRINKING 2 green potions.
  5428 | D:7      | 5428 ||| PLANNING OSSUARY
  5447 | D:7      | 5447 ||| INVOKING Heroism.
  5453 | D:7      | 5453 ||| Stepping ~*~*~tactically~*~*~ (outnumbered).
  5567 | D:7      | Found a glowing silver altar of Zin.
  5799 | D:7      | Reached skill level 15 in Ranged Weapons
  5802 | D:7      | 5802 ||| Stepping ~*~*~tactically~*~*~ (outnumbered).
  5864 | D:7      | Noticed Maggie
  5874 | D:7      | Killed Maggie
  5887 | D:7      | Found a sand-covered staircase.
  5888 | D:7      | 5888 ||| UPGRADING to +0 swamp dragon scales.
  5898 | D:7      | 5898 ||| DROPPING +0 ring mail.
  5899 | D:7      | 5899 ||| UPGRADING to +2 helmet.
  5909 | D:7      | 5909 ||| READING scroll labelled SYAPNE PUERUEK.
  5910 | D:7      | 5910 ||| DRINKING 2 ruby potions.
  5911 | D:7      | 5911 ||| READING 4 scrolls of identify.
  5911 | D:7      | 5911 ||| IDENTIFYING bubbling yellow potion
  5912 | D:7      | 5912 ||| DROPPING potion of attraction.
  5921 | Ossuary  | Entered an ossuary
  5981 | Ossuary  | Reached ** piety under Okawaru
  6086 | Ossuary  | 6086 ||| READING scroll labelled HAEKLA TEUSUMN.
  6087 | Ossuary  | 6087 ||| READING scroll labelled JOSIZUSUST.
  6088 | Ossuary  | 6088 ||| READING 3 scrolls of identify.
  6088 | Ossuary  | 6088 ||| IDENTIFYING bubbling brown potion
  6089 | Ossuary  | 6089 ||| READING 2 scrolls of identify.
  6089 | Ossuary  | 6089 ||| IDENTIFYING sapphire potion
  6115 | D:7      | 6115 ||| PLANNING D:1-11
  6123 | D:7      | 6123 ||| INVOKING Heroism.
  6246 | D:7      | Found an ancient bone altar of Kikubaaqudgha.
  6755 | D:8      | Reached XP level 10. HP: 58/58 MP: 15/15
  6802 | D:8      | 6802 ||| FLEEEEING.
  6804 | D:8      | 6804 ||| FLEEEEING.
  6805 | D:8      | 6805 ||| FLEEEEING.
  6806 | D:8      | 6806 ||| FLEEEEING.
  6807 | D:8      | 6807 ||| FLEEEEING.
  6808 | D:8      | 6808 ||| STAIRDANCE
  6912 | D:8      | 6912 ||| STAIRDANCE
  6919 | D:7      | Reached skill level 16 in Ranged Weapons
  7000 | D:8      | Found a sacrificial altar of Ru.
  7221 | D:8      | You fall into a shaft and drop 2 floors!
  7221 | D:10     | Entered Level 10 of the Dungeon
  7243 | D:10     | 7243 ||| INVOKING Heroism.
  7348 | D:10     | 7348 ||| INVOKING Heroism.
  7365 | D:10     | 7365 ||| INVOKING Heroism.
  7371 | D:10     | 7371 ||| DRINKING 2 potions of cancellation.
  7373 | D:10     | HP: 12/59 [wyvern (11)]
  7374 | D:10     | 7374 ||| READING 2 scrolls of teleportation.
  7374 | D:10     | HP: 5/59 [wyvern (7)]
  7375 | D:10     | 7375 ||| DRINKING 2 potions of heal wounds.
  7536 | D:10     | 7536 ||| INVOKING Heroism.
  7652 | D:10     | Found Atha's Blasphemy Boutique.
  7654 | D:10     | 7654 ||| READING 2 scrolls of identify.
  7654 | D:10     | 7654 ||| IDENTIFYING viscous blue potion
  7655 | D:10     | 7655 ||| DROPPING potion of invisibility.
  7659 | D:10     | 7659 ||| DRINKING potion of cancellation.
  7665 | D:10     | Reached skill level 3 in Armour
  7676 | D:10     | Reached *** piety under Okawaru
  8127 | D:9      | Reached skill level 9 in Dodging
  8221 | D:9      | Found a stormy altar of Qazlal.
  8223 | D:9      | 8223 ||| INVOKING Heroism.
  8371 | D:9      | Reached skill level 6 in Fighting
  8452 | D:9      | 8452 ||| READING scroll of acquirement.
  8452 | D:9      | 8452 ||| ACQUIRING +5 longbow "Mojufive" {freeze, Fragile
                  | Fly Dex+2}
  8452 | D:9      | Acquired the +5 longbow "Mojufive" {freeze, Fragile Fly
                  | Dex+2}
  8502 | D:9      | 8502 ||| READING scroll of teleportation.
  8623 | D:9      | 8623 ||| INVOKING Heroism.
  8637 | D:9      | HP: 14/60 [yak (12)]
  8638 | D:9      | 8638 ||| DRINKING potion of heal wounds.
  8639 | D:9      | Reached **** piety under Okawaru
  8646 | D:9      | Reached XP level 11. HP: 34/64 MP: 16/16
  8769 | D:9      | Found Surir's Jewellery Shop.
  8868 | D:9      | 8868 ||| UPGRADING to ring of resist corrosion.
  8869 | D:9      | 8869 ||| UPGRADING to ring of protection from fire.
  8871 | D:9      | 8871 ||| UPGRADING to +6 ring of strength.
  8873 | D:9      | 8873 ||| READING 2 scrolls of identify.
  8873 | D:9      | 8873 ||| IDENTIFYING fuming ruby potion
  8904 | D:10     | Found a staircase to the Lair.
  9101 | D:9      | 9101 ||| BUYING amulet "Siyhorchu" {Reflect rN+ SH+5} (535
                  | gold).
  9101 | D:9      | Bought the amulet "Siyhorchu" {Reflect rN+ SH+5} for 535
                  | gold pieces
  9101 | D:9      | 9101 ||| SHOPLISTING amulet of faith (520 gold, have 449).
  9101 | D:9      | 9101 ||| BUYING ring of poison resistance (260 gold).
  9101 | D:9      | Bought a ring of poison resistance for 260 gold pieces
  9101 | D:9      | 9101 ||| UPGRADING to amulet "Siyhorchu" {Reflect rN+
                  | SH+5}.
  9111 | D:9      | 9111 ||| PLANNING LAIR
  9111 | D:9      | 9111 ||| DROPPING amulet of the acrobat.
  9202 | Lair:1   | Entered Level 1 of the Lair of Beasts
  9203 | Lair:1   | 9203 ||| INVOKING Heroism.
  9212 | Lair:1   | HP: 13/64 [komodo dragon (25)]
  9213 | Lair:1   | 9213 ||| STAIRDANCE
  9222 | D:10     | 9222 ||| INVOKING Heroism.
  9229 | D:10     | HP: 16/64 [komodo dragon (1)]
  9397 | Lair:1   | 9397 ||| INVOKING Heroism.
  9452 | Lair:1   | 9452 ||| INVOKING Heroism.
  9514 | Lair:1   | 9514 ||| INVOKING Heroism.
  9576 | Lair:1   | 9576 ||| INVOKING Heroism.
  9636 | Lair:1   | 9636 ||| INVOKING Heroism.
  9688 | Lair:1   | 9688 ||| INVOKING Heroism.
  9805 | Lair:1   | 9805 ||| INVOKING Heroism.
  9849 | Lair:1   | 9849 ||| INVOKING Heroism.
  9943 | Lair:1   | Identified the +1 scale mail of Life {rElec rCorr}
  9954 | Lair:1   | Noticed Amaemon
  9955 | Lair:1   | 9955 ||| INVOKING Heroism.
  9968 | Lair:1   | Killed Amaemon
  9969 | Lair:1   | Reached skill level 6 in Invocations
  9979 | Lair:1   | 9979 ||| READING scroll of enchant armour.
  9979 | Lair:1   | 9979 ||| ENCHANTING +0 swamp dragon scales.
  9984 | Lair:1   | Identified the +4 scimitar "Gysteb" {freeze, Int+3}
 10078 | Lair:1   | Noticed Nergalle
 10079 | Lair:1   | 10079 ||| INVOKING Heroism.
 10095 | Lair:1   | Killed Nergalle
 10381 | Lair:1   | 10381 ||| DROPPING +1 scale mail of Life {rElec rCorr}.
 10382 | Lair:1   | 10382 ||| UPGRADING to +0 pair of gloves.
 10454 | Lair:2   | 10454 ||| INVOKING Heroism.
 10513 | Lair:2   | Noticed a catoblepas
 10514 | Lair:2   | 10514 ||| INVOKING Heroism.
 10526 | Lair:2   | 10526 ||| Stepping ~*~*~tactically~*~*~ (cloud).
 10529 | Lair:2   | 10529 ||| Stepping ~*~*~tactically~*~*~ (cloud).
 10532 | Lair:2   | Killed a catoblepas
 10539 | Lair:2   | HP: 11/67 [black mamba (11)]
 10543 | Lair:2   | HP: 2/67 [black mamba (6)]
 10544 | Lair:2   | Slain by a black mamba

Levels and vault maps discovered:
D:1:      wander_arrival_estate, layout_rooms, chequers_ecumenical_altar_island,
          dk_noncrumbling_3
D:2:      layout_loops_ring, serial_shops, shop, minmay_lizard_king
D:3:      layout_loops_ring, nemelex_dance_club_becter,
          amethyst_overflow_temple_binary
D:4:      layout_loops_corners, lemuel_coloured_pillars_altar,
          kennysheep_mini_moat, mainiacjoe_overflow_small_starburst,
          cheibriados_altar_1, serial_rivers, chequers_serial_rivers_large_b,
          chequers_serial_rivers_micro_a, chequers_serial_rivers_micro_a,
          chequers_serial_rivers_micro_b
D:5:      layout_basic, kennysheep_little_box, mainiacjoe_overflow_alcove_1,
          chequers_serial_rivers_small_b, uniq_eustachio, uniq_menkaure,
          uniq_duvessa
D:6:      layout_rooms, eat_drink_and_be_merry_uskayaw,
          minmay_temple_entry_hall, minivault_1, grunt_ministairs_1,
          chequers_serial_rivers_room_b, grunt_potential
D:7:      layout_basic, zin_statuary, mainiacjoe_overflow_tiny_flanked,
          enter_bailey_3, enter_ossuary_1, minmay_misc_feat_diagonals,
          uniq_maggie
D:8:      layout_basic, nicolae_ru_sacrificial_ziggurat
D:9:      layout_cave_pools, grunt_qazlal_clouds, nicolae_take_the_stairs
D:10:     layout_long_grid, elyvilon_altar_1, minmay_lair_entry_grove,
          kennysheep_doodads, nicolae_evil_shop
Lair:1:   layout_loops_ring, cheibrodos_lair_reptile_den, uniq_amaemon,
          uniq_nergalle
Lair:2:   gammafunk_lair_enchanted_lake, layout_hall_layers,
          nicolae_swamp_entry_splash_gauntlet, minmay_snake_entry_six_corridors,
          basic_altar, hangedman_tree_tricks, grunt_forest_large_clearing_hut

Skill      XL: |  1  2  3  4  5  6  7  8  9 10 11 |
---------------+----------------------------------+-----
Ranged Weapons | 6 8 9 10 11 13 15 16 | 16.0
Dodging        | 3 4 5 6 9 11 | 11.1
Fighting       | 2 3 4 6 7 |  7.4
Armour         | 1 2 3 5 |  5.0
Invocations    | 4 6 |  6.8
Stealth        | |  1.2

Action                     |  1- 3 |  4- 6 |  7- 9 | 10-12 || total
---------------------------+-------+-------+-------+-------++-------
  Melee: Unarmed           |       |       |       |     3 ||     3
   Fire: Shortbow          |    98 |   108 |    56 |       ||   262
         Orcbow            |       |       |   376 |   492 ||   868
 Invoke: Heroism           |       |       |    12 |    20 ||    32
    Use: Scroll            |     7 |     7 |    13 |     6 ||    33
         Potion            |     1 |     3 |     4 |     4 ||    12
 Armour: Ring mail         |     3 |    10 |    60 |       ||    73
         Swamp dragon scal |       |       |    11 |    83 ||    94
         Skin              |       |       |       |     2 ||     2
  Dodge: Dodged            |     8 |    19 |   179 |   295 ||   501
  Block: Other             |       |       |       |    24 ||    24

Table legend:
 A = Non-vault XP
 B = Vault XP
 C = Vault XP percentage of total XP
 D = Non-vault monster count
 E = Vault monster count
 F = Vault count percentage of total count
                 A         B        C        D         E       F
            +---------+---------+-------+---------+---------+-------
      Total |   12892 |    7565 |  37.0 |     202 |      80 |  28.4
            +---------+---------+-------+---------+---------+-------
        D:1 |      34 |       0 |   0.0 |      20 |       0 |   0.0
        D:2 |      39 |      11 |  22.0 |      14 |      11 |  44.0
        D:3 |     125 |       5 |   3.8 |      17 |       2 |  10.5
        D:4 |     624 |       0 |   0.0 |      29 |       0 |   0.0
        D:5 |     736 |     580 |  44.1 |      20 |       6 |  23.1
        D:6 |     436 |    1163 |  72.7 |       7 |      21 |  75.0
        D:7 |    1211 |     426 |  26.0 |      23 |       5 |  17.9
        D:8 |     653 |       0 |   0.0 |      13 |       0 |   0.0
        D:9 |    2766 |       0 |   0.0 |      27 |       0 |   0.0
       D:10 |     539 |    2622 |  82.9 |      10 |      14 |  58.3
     Lair:1 |    4281 |    1989 |  31.7 |      18 |       3 |  14.3
     Lair:2 |    1448 |     613 |  29.7 |       4 |       2 |  33.3
    Ossuary |       0 |     156 | 100.0 |       0 |      16 | 100.0
            +---------+---------+-------+---------+---------+-------
